 Dungeon Crawl Stone Soup version 0.24-a0-699-g5a66b1aa3b (webtiles) character file.

Game seed: 3067209962232862744, levelgen mode: deterministic

2041 Eurus the Tainter (level 9, -4/80 HPs)
             Began as a Naga Venom Mage on Sept 29, 2019.
             Slain by a sky beast (5 damage)
             ... on level 6 of the Dungeon.
             The game lasted 00:27:30 (8137 turns).

Eurus the Tainter (Naga Venom Mage)                 Turns: 8137, Time: 00:27:31

Health: -4/80      AC: -2    Str: 10    XL:     9   Next: 24%
Magic:  16/16      EV: 10    Int: 19    God:
Gold:   477        SH:  3    Dex: 12    Spells: 10/18 levels left

rFire    + + .     SeeInvis +   v - +0 war axe
rCold    + . .     Gourm    .   (no shield)
rNeg     . . .     Faith    .   a - +0 robe
rPois    +         Spirit   .   (no helmet)
rElec    +         Reflect  +   (no cloak)
rCorr    +         Harm     .   B - +1 pair of gloves
MR       +....                  (no barding)
Stlth    ++........             g - +3 amulet of reflection
HPRegen  0.23/turn              p - ring of fire
MPRegen  0.15/turn              z - ring of protection from cold

@: resistant, corroded, very slow
A: large, see invisible, deformed body, poison resistance, slowness 2, slow
metabolism 1, spit poison 1, AC +3
a: Spit Poison


You were on level 6 of the Dungeon.
You were very hungry.

You visited 1 branch of the dungeon, and saw 7 of its levels.

You collected 477 gold pieces.

Inventory:

Hand Weapons
 f - a +0 dagger
 v - a +0 war axe (weapon)
 w - a +1 whip of flaming
 y - a +0 mace
Armour
 a - a +0 robe (worn)
 B - a +1 pair of gloves (worn)
 D - a +2 leather armour of fire resistance
Jewellery
 g - a +3 amulet of reflection (around neck)
 p - a ring of fire (left hand)
 z - a ring of protection from cold (right hand)
 C - a cursed -2 ring of intelligence {unknown}
Wands
 t - a wand of flame (39)
 x - a wand of digging (5)
 E - a wand of clouds (5)
 F - a wand of acid (10)
 G - a wand of enslavement (5)
 H - a wand of paralysis (7)
Scrolls
 b - 2 scrolls of fog
 d - 2 scrolls of magic mapping
 j - 3 scrolls of identify
 k - 2 scrolls of enchant armour
 l - a scroll of enchant weapon
 m - 2 scrolls of amnesia
 o - a scroll of teleportation
 r - 9 scrolls of remove curse
 u - a scroll of immolation {unknown}
Potions
 h - a potion of brilliance
 i - a potion of agility
 n - 3 potions of haste
 s - a potion of magic
 A - a potion of might
Comestibles
 c - 12 rations


   Skills:
 + Level 4.9 Fighting
 * Level 3.3 Axes
 - Level 1.5 Dodging
 - Level 3.0 Stealth
 + Level 5.1 Spellcasting
 + Level 5.3 Conjurations
 + Level 0.9 Fire Magic
 - Level 3.0 Air Magic
 + Level 8.4 Poison Magic


You had 10 spell levels left.
You knew the following spells:

 Your Spells              Type           Power        Failure   Level  Hunger
a - Sting                 Conj/Pois      ####         1%          1    None
b - Poisonous Vapours     Pois/Air       ####..       1%          2    #......
c - Olgreb's Toxic Radia  Pois           #####...     3%          4    ####...
d - Flame Tongue          Conj/Fire      ####.        3%          1    None

Your spell library contained the following spells:

 Spells                   Type           Power        Failure   Level  Hunger
 Mephitic Cloud           Conj/Pois/Air  ####....     3%          3    ##.....
 Throw Flame              Conj/Fire      ####..       4%          2    #......
 Conjure Flame            Conj/Fire      ####....     10%         3    ##.....
 Venom Bolt               Conj/Pois      ####......   21%         5    ######.
 Inner Flame              Hex/Fire       #.......     30%         3    ##.....
 Sticky Flame             Conj/Fire      ####....     32%         4    ####...
 Fireball                 Conj/Fire      ####......   67%         5    ######.


Dungeon Overview and Level Annotations

Branches:
Dungeon (7/15)
 Temple: D:4-7

Altars:
Gozag
Qazlal
Sif Muna
Trog
Yredelemnul

Shops:
D:6 %

Annotations:
D:1 1 runed translucent door, exclusion: door


Innate Abilities, Weirdness & Mutations

You cannot wear boots.
Your serpentine skin is tough. (AC +3)
You have supernaturally acute eyesight. (SInv)
Armour fits poorly on your strangely shaped body.
Your system is resistant to poisons. (rPois)
You cover ground very slowly.
You have a slow metabolism.
You can spit poison.


Message History

The sky beast is almost dead.
You barely miss the jelly. The sky beast closely misses you.
The jelly hits you.
* * * LOW HITPOINT WARNING * * *
The acid corrodes you!
You are splashed with acid.
You resist.
* * * LOW HITPOINT WARNING * * *
The sky beast hits you.
* * * LOW HITPOINT WARNING * * *
The sky beast shocks you. You resist.
* * * LOW HITPOINT WARNING * * *
You feel better. The jelly closely misses you. The sky beast hits you.
* * * LOW HITPOINT WARNING * * *
The sky beast shocks you. You resist.
* * * LOW HITPOINT WARNING * * *
You hit the sky beast but do no damage.
The sky beast is almost dead.
You hit the jelly but do no damage.
Your hands burn!
* * * LOW HITPOINT WARNING * * *
The jelly barely misses you. The sky beast hits you.
You die...

########################
####......J................
#....[...Y@................
#.##...(...................
#.##.......................
#.##.......................
#.##.......................
#.##.......................
#.##.......................
#.##.....................(.
#.##.......................


You could see a sky beast and a jelly.

Vanquished Creatures
  Grinder (D:4)
  Eustachio (D:6)
  A hungry ghost (D:5)
  A phantom (D:5)
  4 ogres
  2 big kobolds (D:4)
  2 bullfrogs
  2 howler monkeys
  A crimson imp (D:4)
  A bullfrog zombie (D:5)
  A centaur zombie (D:6)
  A jelly (D:7)
  3 hounds
  3 orc wizards
  A centaur skeleton (D:5)
  7 worker ants
  2 killer bee zombies (D:6)
  A hound zombie (D:5)
  10 adders
  2 gnolls (D:4)
  2 shadow imps
  An adder skeleton (D:4)
  An adder zombie (D:5)
  3 worms
  2 dart slugs (D:1)
  2 leopard geckos
  5 orcs
  A ball python (D:3)
  5 bats
  6 giant cockroaches
  30 goblins
  34 hobgoblins
  2 quokkas
  4 frilled lizards
  A jackal skeleton (D:5)
  14 kobolds
  A leopard gecko skeleton (D:6)
  A quokka zombie (D:5)
  2 rats
  A spectral orc (D:2)
165 creatures vanquished.

Vanquished Creatures (others)
  5 toadstools (D:5)
5 creatures vanquished.

Grand Total: 170 creatures vanquished

Notes
Turn   | Place    | Note
-------+----------+-------------------------------------------
     0 | D:1      | Eurus the Naga Venom Mage began the quest for the Orb.
     0 | D:1      | Reached XP level 1. HP: 15/15 MP: 3/3
     1 | D:1      | Found a runed translucent door.
   497 | D:1      | Reached XP level 2. HP: 24/24 MP: 0/5
  1400 | D:2      | Found a basalt altar of Yredelemnul.
  1621 | D:2      | Reached XP level 3. HP: 30/30 MP: 4/6
  1636 | D:2      | Reached skill level 1 in Fighting
  1811 | D:2      | Found a shimmering blue altar of Sif Muna.
  2122 | D:3      | Reached skill level 5 in Poison Magic
  2192 | D:3      | Reached XP level 4. HP: 33/38 MP: 5/7
  2198 | D:3      | Noticed a bullfrog
  2205 | D:3      | Killed a bullfrog
  2205 | D:3      | Reached XP level 5. HP: 29/45 MP: 4/9
  3052 | D:4      | Noticed Grinder
  3412 | D:4      | Found an opulent altar of Gozag.
  3466 | D:4      | Reached XP level 6. HP: 52/52 MP: 6/10
  3524 | D:4      | Reached skill level 6 in Poison Magic
  3639 | D:4      | Found a bloodstained altar of Trog.
  3656 | D:4      | Learned a level 2 spell: Poisonous Vapours
  3661 | D:4      | Learned a level 4 spell: Olgreb's Toxic Radiance
  3720 | D:4      | Killed Grinder
  3720 | D:4      | Reached skill level 1 in Air Magic
  3720 | D:4      | Reached XP level 7. HP: 6/61 MP: 10/12
  4983 | D:5      | Entered Level 5 of the Dungeon
  5197 | D:5      | Reached skill level 7 in Poison Magic
  5360 | D:5      | Found a stormy altar of Qazlal.
  5477 | D:5      | Reached XP level 8. HP: 60/70 MP: 9/14
  6946 | D:6      | Noticed Eustachio
  6958 | D:6      | Reached skill level 1 in Axes
  6975 | D:6      | Killed Eustachio
  6975 | D:6      | Reached skill level 5 in Conjurations
  6975 | D:6      | Reached skill level 8 in Poison Magic
  7183 | D:6      | Reached XP level 9. HP: 68/79 MP: 13/16
  7274 | D:6      | Learned a level 1 spell: Flame Tongue
  7325 | D:6      | Reached skill level 5 in Spellcasting
  7893 | D:6      | Found Icoizxat's Food Boutique.
  8135 | D:6      | HP: 2/80 [sky beast (5)]
  8137 | D:6      | Slain by a sky beast

Levels and vault maps discovered:
D:1:      dpeg_arrival_caged_fury, layout_loops_cross,
          chequers_serial_rivers_micro_e
D:2:      layout_rooms, lemuel_doored_altar, yredelemnul_forgotten_temple_becter
D:3:      layout_loops_ring
D:4:      minmay_goblin_kobold_castle, layout_rooms, kennysheep_little_box,
          old_standard_altar, first_ration, minmay_tree_intersection,
          minmay_misc_feat_five, uniq_grinder
D:5:      layout_loops_cross, nicolae_qazlal_general_emergency,
          minmay_gold_behind_fungi, hangedman_decor_growths
D:6:      layout_basic, serial_shops, nicolae_shop_window_shopping,
          uniq_eustachio
D:7:      corexii_shack_village, layout_rooms, overflow_temple_1_default,
          minmay_temple_entry_fiery

Skill      XL: |  1  2  3  4  5  6  7  8  9 |
---------------+----------------------------+-----
Fighting       | 1 2 3 4 |  4.9
Poison Magic   | 5 6 7 8 |  8.4
Conjurations   | 2 3 4 5 |  5.3
Spellcasting   | 3 4 5 |  5.1
Air Magic      | 1 2 3 |  3.0
Axes           | 2 3 |  3.3
Dodging        | |  1.5
Stealth        | |  3.0
Fire Magic     | |  0.9

Action                   |  1- 3 |  4- 6 |  7- 9 || total
-------------------------+-------+-------+-------++-------
Melee: Club              |    10 |       |       ||    10
       Unarmed           |     3 |       |       ||     3
       Dagger            |    41 |    36 |   178 ||   255
       Whip              |       |       |    91 ||    91
       War axe           |       |       |   131 ||   131
 Cast: Sting             |    47 |    69 |    90 ||   206
       Olgreb's Toxic Ra |       |       |     8 ||     8
 Abil: Spit Poison       |     3 |     3 |     5 ||    11
  Use: Potion            |       |     6 |     4 ||    10
       Scroll            |       |       |    14 ||    14
 Stab: Sleeping          |     1 |     2 |       ||     3
  Eat: Chunk             |     4 |     4 |    12 ||    20
       Ration            |       |       |     5 ||     5
Armor: Robe              |     7 |     8 |   125 ||   140
       Skin              |       |     2 |    41 ||    43
Dodge: Dodged            |    30 |    33 |   202 ||   265
Block: Other             |       |       |    30 ||    30

Table legend:
 A = Non-vault XP
 B = Vault XP
 C = Vault XP percentage of total XP
 D = Non-vault monster count
 E = Vault monster count
 F = Vault count percentage of total count
                 A         B        C        D         E       F
            +---------+---------+-------+---------+---------+-------
      Total |    2142 |     774 |  26.5 |     109 |      56 |  33.9
            +---------+---------+-------+---------+---------+-------
        D:1 |      27 |       0 |   0.0 |      14 |       0 |   0.0
        D:2 |      44 |       1 |   2.2 |      15 |       1 |   6.2
        D:3 |     145 |       0 |   0.0 |      22 |       0 |   0.0
        D:4 |     351 |     577 |  62.2 |      14 |      54 |  79.4
        D:5 |     671 |       0 |   0.0 |      20 |       0 |   0.0
        D:6 |     854 |     196 |  18.7 |      21 |       1 |   4.5
        D:7 |      50 |       0 |   0.0 |       3 |       0 |   0.0
            +---------+---------+-------+---------+---------+-------
